cohdb
Replays
Latest Replays
All Replays
Popular Replays
Top Player Replays
Match Explorer
How It Works
Community
CoH3 Stats
Reddit
Sign in to upload your games and track your stats! →
Sign in with Steam
Match 42227467
Unlisted
Match 42227467
Overview
Messages
Build Orders
End
Selects Air and Sea Battlegroup
Vickers Machine Gun Team
Construct Section Command Post
Dingo Light Scout Car
Infantry Section
Royal Engineer Section
Construct Platoon Command Post
Selects Commando Section Paradrop
Selects M1 Pack Howitzer Paradrop
M1 Pack Howitzer Paradrop
6-pounder Anti-tank Gun Team
Selects Supply Surplus
Commando Section Paradrop
Royal Engineer Section
Infantry Section
Construct Company Command Post
Selects UNKNOWN (223837)
Crusader II Medium Tank
Selects Incendiary Bombing Run
Unlock M3 Grant Medium Tanks
Construct Field Infirmary
6-pounder Anti-tank Gun Team
Incendiary Bombing Run
Infantry Section
M3 Grant Medium Tank
mp5
Dawes
theBruhJM
rnxodnd112
Doom&Gloom
Richard_GZY
Raider
以帅服人
0
0
Comments
sign in to comment!
No comments posted yet!